 Dungeon Crawl Stone Soup version 0.28-a0-987-g8383568036 (webtiles) character file.

Game seed: 18270811121135560654

8 Jinxx the Grave Robber (level 2, -1/19 HPs)
             Began as a Vampire Necromancer on Dec 4, 2021.
             Slain by an endoplasm (2 damage)
             ... on level 1 of the Dungeon.
             The game lasted 00:02:12 (147 turns).

Jinxx the Grave Robber (Vampire Necromancer)         Turns: 147, Time: 00:02:13

Health: -1/19      AC:  2    Str:  7    XL:     2   Next: 0%
Magic:  0/5        EV: 12    Int: 17    God:
Gold:   16         SH:  0    Dex: 14    Spells: 3/5 levels left

rFire   . . .      SeeInvis +   (no weapon)
rCold   . . .      Faith    .   (no shield)
rNeg    . . .      Spirit   .   a - +0 robe
rPois   .          Reflect  .   (no helmet)
rElec   .          Harm     .   (no cloak)
rCorr   .          Rampage  .   (no gloves)
Will    .....                   (no boots)
Stlth   ++........              (no amulet)
HPRegen 0.26/turn               (no ring)
MPRegen 0.09/turn               (no ring)

@: healing quickly
A: alive, fangs 3, see invisible, vampiric 1
a: Exsanguinate


You were on level 1 of the Dungeon.
You visited 1 branch of the dungeon, and saw 1 of its levels.

You collected 16 gold pieces.

Inventory:

Armour
 a - a +0 robe (worn)
Scrolls
 b - a scroll of holy word {unknown}


   Skills:
 + Level 0.1 Fighting
 + Level 2.3 Dodging
 + Level 3.1 Stealth
 + Level 2.0 Spellcasting
 * Level 4.6 Necromancy
 + Level 0.1 Translocations


You had 3 spell levels left.
You knew the following spells:

 Your Spells              Type           Power      Damage    Failure   Level
a - Pain                  Necr           68%        1d7       3%          1
b - Animate Skeleton      Necr           34%        N/A       3%          1

Your spell library contained the following spells:

 Spells                   Type           Power      Damage    Failure   Level
 Vampiric Draining        Necr           17%        2d7       9%          3
 Blink                    Tloc           4%         N/A       26%         2
 Lesser Beckoning         Tloc           2%         N/A       47%         3
 Animate Dead             Necr           8%         N/A       28%         4
 Agony                    Necr           17%        N/A       63%         5
 Manifold Assault         Tloc           2%         N/A       99%         5


Dungeon Overview and Level Annotations

Branches:
Dungeon (1/15)

Altars:


Innate Abilities, Weirdness & Mutations

Your natural rate of healing is accelerated.
You have razor-sharp teeth.
You have supernaturally acute eyesight. (SInv)
You are afflicted with vampirism.


Message History

You strike the helpless ball python from behind!
You hit the ball python.
The ball python is heavily wounded.
Your rat skeleton misses the ball python.
The ball python barely misses you.
The ball python constricts your rat skeleton.
You hit the ball python.
You kill the ball python!
An endoplasm comes into view.
You have reached level 2!
You hit the endoplasm.
The endoplasm is lightly wounded.
The endoplasm barely misses you.
You hit the endoplasm but do no damage.
You bite the endoplasm, but do no damage.
The endoplasm is lightly wounded.
Your rat skeleton bites the endoplasm but does no damage.
The endoplasm closely misses you.
Aiming: Pain (safe; 3% risk of failure)
Press: ? - help, Q - select action, (/) - cycle Shift-Dir - straight line, f - endoplasm
Aim: an endoplasm (lightly wounded, ally target, chance to affect: 87%)
The endoplasm writhes in agony.
Your rat skeleton bites the endoplasm but does no damage.
The endoplasm freezes you.
You are frozen.
You hit the endoplasm but do no damage.
The endoplasm is moderately wounded.
Your rat skeleton bites the endoplasm.
The endoplasm freezes you.
You are frozen.
* * * LOW HITPOINT WARNING * * *
You hit the endoplasm but do no damage.
The endoplasm is severely wounded.
The endoplasm hits you.
* * * LOW HITPOINT WARNING * * *
Your rat skeleton bites the endoplasm but does no damage.
You hit the endoplasm but do no damage.
The endoplasm is severely wounded.
The endoplasm hits you.
You die...

#.#### ## #.. .. ...
#.# .##.. #.# ....
#.##..# #.#..#
###############.#.#
....)..........>ZJ#
###############.@#.g..#
#..#.....# #..#...g.#
#..#....#?$ #...#..#...
#.#.#.#.... #.#..#.....
#.##..


You could see an endoplasm (ally target) and a friendly rat skeleton.

Vanquished Creatures
  A ball python (D:1)
  An endoplasm (D:1)
  2 goblins (D:1)
  A hobgoblin (D:1)
  A kobold (D:1)
  A rat (D:1)
7 creatures vanquished.

Notes
Turn   | Place    | Note
-------+----------+-------------------------------------------
     0 | D:1      | Jinxx the Vampire Necromancer began the quest for the Orb.
     0 | D:1      | Reached XP level 1. HP: 13/13 MP: 3/3
    37 | D:1      | Learned a level 1 spell: Animate Skeleton
   142 | D:1      | Reached XP level 2. HP: 11/19 MP: 0/5
   147 | D:1      | Slain by an endoplasm

Illustrated notes

Levels and vault maps discovered:
D:1:      heliophobic_arrival_henge, layout_basic,
          shapermc_ecumenical_altar_ellora, minmay_circled_x

Action                   || total
-------------------------++-------
Melee: Unarmed           ||    13
       Bite              ||     1
 Cast: Pain              ||     7
       Animate Skeleton  ||     1
 Stab: Distracted        ||     1
Dodge: Dodged            ||     3

Table legend: (Time is in decaauts)
 A = Elapsed time spent in this place.
 B = Non-inter-level travel time spent in this place.
 C = Inter-level travel time spent in this place.
 D = Time resting spent in this place.
 E = Time spent auto-exploring this place.
 F = Levels seen in this place.
 G = Mean time per level.
                   A        B        C        D        E       F      G
               +--------+--------+--------+--------+--------+-----+--------+
         Total |    147 |    147 |      0 |      0 |     89 |   1 |  147.0 |
       Dungeon |    147 |    147 |      0 |      0 |     89 |   1 |  147.0 |
               +--------+--------+--------+--------+--------+-----+--------+

Top non-repeatable levels by time:
     D:1: 147 daAuts
